 Dungeon Crawl Stone Soup version 0.27.1-4-g1640c2035a (webtiles) character file.

Game seed: 6131504201516807114

25 zeram the Sneak (level 3, -20/24 HPs)
             Began as an Octopode Brigand on Nov 11, 2021.
             Killed by an exploding orc (35 damage)
             ... ignited by their inner flame
             ... on level 2 of the Dungeon.
             The game lasted 00:01:23 (1188 turns).

zeram the Sneak (Octopode Brigand)                  Turns: 1188, Time: 00:01:24

Health: -20/24     AC:  1    Str: 10    XL:     3   Next: 6%
Magic:  3/3        EV: 12    Int: 14    God:
Gold:   77         SH:  0    Dex: 13    Spells: 2/2 levels left

rFire    . . .     SeeInvis .   a - +2 dagger
rCold    . . .     Faith    .   (no shield)
rNeg     . . .     Spirit   .   (helmet restricted)
rPois    .         Reflect  .   (no amulet)
rElec    .         Harm     .   j - ring of resist corrosion
rCorr    +         Rampage  .   (no ring)
Will     .....                  (no ring)
Stlth    ++++......             (no ring)
HPRegen  0.08/turn              (no ring)
MPRegen  0.08/turn              (no ring)
                                (no ring)
                                (no ring)

@: no status effects
A: almost no armour, amphibious, 8 rings, camouflage 1, gelatinous body 1,
(nimble swimmer 1), tentacles
a: no special abilities


You were on level 2 of the Dungeon.
You visited 1 branch of the dungeon, and saw 2 of its levels.

You collected 77 gold pieces.

Inventory:

Hand Weapons
 a - a +2 dagger (weapon)
Missiles
 b - 24 poisoned darts (quivered)
 c - 2 curare-tipped darts
Jewellery
 j - a ring of resist corrosion (left tentacle)
Wands
 i - a wand of paralysis (8)
Potions
 d - a potion of might {unknown}
 e - 2 potions of curing {unknown}
 f - a potion of lignification {unknown}
 g - a potion of cancellation {unknown}


   Skills:
 - Level 2.0 Fighting
 + Level 2.1 Short Blades
 - Level 2.0 Throwing
 + Level 1.0 Dodging
 + Level 6.6 Stealth


You had 2 spell levels left.
You didn't know any spells.
Your spell library contained the following spells:

 Spells                   Type           Power      Damage    Failure   Level
 Sublimation of Blood     Necr           0%         N/A       41%         2
 Wereblood                Tmut           0%         N/A       41%         2
 Summon Hydra             Summ           0%         N/A       100%        7


Dungeon Overview and Level Annotations

Branches:
Dungeon (2/15)

Altars:


Innate Abilities, Weirdness & Mutations

You cannot wear most types of armour.
You are amphibious.
You can wear up to eight rings at the same time.
Your skin changes colour to match your surroundings (Stealth+).
Your rubbery body absorbs attacks. (AC +1, EV +1)
((You are camouflaged near water. (Stealth+)))
You have tentacles for arms and can constrict up to eight enemies at once.


Message History

No target in view!
No target in view!
No target in view!
i - a wand of paralysis (8)
Found a stone staircase leading down.
Found 23 sling bullets.
Found a spear.
Found a marble ring.
j - a ring of resist corrosion 2 orcs come into view.
There are monsters nearby!
There are monsters nearby!
There are monsters nearby!
j - a ring of resist corrosion (left tentacle)
An orc and 2 orc priests come into view.
The orc shouts! x2; You hear a shout! x2
An orc comes into view. It is wielding a +0 hand axe.
The orc shouts!
The orc priest shouts!
An orc comes into view. It is wielding a +0 club.
The orc priest shouts!
Found 18 gold pieces.
The orc closely misses you.
The orc shouts!
You hit the orc. You grab the orc.
The orc is heavily wounded.
You constrict the orc, but do no damage.
The orc hits you with a +0 flail! The orc barely misses you.
The orc priest calls upon Beogh to heal the orc.
The orc's wounds heal themselves!
As you read the scroll labelled GIEBIR MECUYRA, it crumbles to dust.
The creatures around you are filled with an inner flame!
It was a scroll of immolation.
You constrict the orc.
Flame seeps out of the orc.
The orc is engulfed in blazing flames.
The orc explodes!
The fiery explosion engulfs the orc priest!!
The fiery explosion engulfs the orc!! x3
You hear a splash.
The fiery explosion engulfs the orc priest!!
The fiery explosion engulfs you!!
Ouch! That really hurt!
You die...

#######...###.#
##$⌠$###...##.#########
##.....##.#.##........<#
#.......#.#.##.#########
#.≈...≈.#.#.##.#
#......o#.#..#.#
#....§§)#.##.#.#
#....§○§#.##.#.# #
#.≈..§§@#.##...###.#
#.......#.###......#
..........##...(#..#
###...#.......>....#
#..........#....)#
#####......#..####
#......#.## #........#
#......###


You could see an orc (inner flame).

Vanquished Creatures
  2 orc priests (D:2)
  4 orcs (D:2)
  3 endoplasms (D:1)
  3 giant cockroaches (D:1)
  2 goblins (D:1)
  A hobgoblin (D:1)
  3 jackals (D:1)
  A quokka (D:1)
  3 ball pythons (D:1)
  2 bats (D:1)
  A frilled lizard (D:1)
  2 rats
27 creatures vanquished.

Notes
Turn   | Place    | Note
-------+----------+-------------------------------------------
     0 | D:1      | zeram the Octopode Brigand began the quest for the Orb.
     0 | D:1      | Reached XP level 1. HP: 14/14 MP: 1/1
   202 | D:1      | Reached XP level 2. HP: 19/19 MP: 2/2
   246 | D:1      | Reached skill level 6 in Stealth
   341 | D:1      | Found a faded altar of an unknown god.
   957 | D:1      | Reached XP level 3. HP: 24/24 MP: 3/3
  1188 | D:2      | Killed by an exploding orc... ignited by their inner flame

Illustrated notes

Levels and vault maps discovered:
D:1:      lightli_arrival_isolated_outpost, layout_basic,
          shapermc_ecumenical_altar_notcrosses, minmay_door_square
D:2:      cheibrodos_pilgrimage, layout_basic, st_stairs_6, minmay_puff

Skill      XL: |  1  2 |
---------------+-------+-----
Stealth        | 6 |  6.6
Fighting       | |  2.0
Short Blades   | |  2.1
Throwing       | |  2.0
Dodging        | |  1.0

Action                   || total
-------------------------++-------
Melee: Dagger            ||    49
       Constrict         ||     6
       Tentacles         ||     3
  Use: Scroll            ||     1
 Stab: Sleeping          ||     6
Armor: Skin              ||     6
Dodge: Dodged            ||    38
